Map: Star Station TE

Players

CBagRun

  • Race: Zerg Zerg
  • Spawn Location: 5:00

couchman - Winner!

  • Race: Terran Terran
  • Spawn Location: 11:00

VOD

Have the link to the VOD?

Description

Time

  • Played on: Dec. 13, 2021, 9:01 p.m.
  • Length: 12:14
Show
View Real Time Build Order
Export as new Build Order

CBagRun Zerg 

Build Orders: Pool First 

Get SALT Encoding   

  12  0:00  Drone  
  13  0:07  Drone  
  14  0:29  Spawning Pool  
  14  0:33  Overlord  
  13  0:37  Drone  
  14  1:03  Extractor  
  13  1:07  Drone  
  14  1:15  Queen  
  16  1:19  Zergling x2  
  16  1:20  Zergling x4  
  19  1:32  Zergling x2  
  20  1:34  Extractor  
  19  1:46  Zergling x2  
  20  2:06  Zergling x4  
  20  2:07  Metabolic Boost  
  22  2:43  Overlord  
  20  2:56  Zergling x4  
  20  3:16  Overlord  
  20  3:17  Overlord x2  
  19  3:39  Zergling x2  
  19  3:40  Zergling x10  
  23  4:09  Drone x3  
  20  4:38  Drone  
  20  4:39  Drone x4  
  25  4:54  Evolution Chamber  
  24  5:07  Drone  
  24  5:08  Drone x4  
  29  5:22  Zerg Ground Armor Level 1  
  29  6:03  Hatchery  
  28  6:04  Lair  
  28  6:16  Baneling Nest  
  27  6:26  Hatchery  
  27  6:31  Zergling x2  
  27  6:32  Zergling x4  
  29  6:51  Zergling x10  
  34  7:02  Centrifugal Hooks  
  34  7:12  Queen  
  36  7:16  Zerg Missile Weapons Level 1  
  36  7:30  Zergling x2  
  36  7:31  Zergling x12  
  43  7:39  Overlord  
  43  7:43  Overlord  
  43  8:02  Zergling x2  
  43  8:03  Zergling x8  
  48  8:30  Zergling x6  
  48  8:32  Zergling x2  
  48  8:33  Zergling x10  
  57  8:35  Zergling x2  
  57  8:36  Zergling x6  
  61  9:10  Zerg Melee Weapons Level 1  
  61  9:16  Baneling  
  61  9:17  Baneling x26  
  61  9:18  Baneling  
  61  9:33  Drone x2  
  61  9:34  Drone x4  
  61  9:37  Drone x2  
  69  9:40  Drone  
  33  11:20  Zergling x14  
  33  11:22  Zergling x10  
  33  11:23  Zergling x6  
  33  11:25  Zergling x4  
  48  11:26  Zergling x12  
Show
View Real Time Build Order
Export as new Build Order

couchman Terran - Winner!

Build Orders:  

Get SALT Encoding   

  12  0:00  SCV  
  13  0:12  SCV  
  14  0:20  Supply Depot  
  14  0:26  SCV  
  15  0:42  SCV  
  16  0:51  Barracks  
  16  0:54  SCV  
  17  1:06  SCV  
  18  1:18  SCV  
  19  1:31  SCV  
  19  1:32  Barracks  
  20  1:41  Supply Depot  
  20  1:43  Command Center  
  20  1:45  Marine  
  21  1:51  SCV  
  22  2:03  SCV  
  23  2:11  Supply Depot  
  23  2:14  Marine  
  24  2:19  SCV  
  24  2:22  Marine  
  26  2:24  Supply Depot  
  26  2:31  SCV  
  26  2:32  Marine  
  26  2:33  Supply Depot  
  28  2:40  Marine  
  29  2:47  Supply Depot  
  29  2:50  Marine  
  26  3:17  SCV  
  26  3:18  Marine  
  26  3:19  Marine  
  29  3:25  Bunker  
  29  3:27  Refinery  
  29  3:29  SCV  
  29  3:31  Refinery  
  30  3:36  Marine x2  
  30  3:41  SCV  
  33  3:53  SCV  
  34  4:01  Supply Depot  
  34  4:07  SCV  
  35  4:12  Refinery  
  35  4:16  Refinery  
  35  4:19  Marine, SCV  
  35  4:20  Marine  
  38  4:31  SCV  
  39  4:43  SCV  
  40  4:53  SCV  
  40  4:56  Marine x2, SCV  
  44  5:05  SCV  
  45  5:08  SCV  
  45  5:14  Marine x2  
  46  5:17  SCV  
  49  5:29  SCV  
  49  5:32  Marine x2  
  52  5:41  SCV  
  53  5:43  Factory  
  53  5:47  Engineering Bay  
  53  5:59  Barracks Tech Lab x2  
  53  6:05  SCV  
  54  6:17  SCV  
  55  6:21  Marauder  
  55  6:22  Marauder  
  59  6:29  SCV  
  59  6:32  Terran Infantry Weapons Level 1  
  60  6:34  Factory Reactor  
  60  6:39  Engineering Bay  
  60  6:43  Marauder x2  
  64  6:49  Orbital Command  
  64  7:04  Marauder  
  64  7:05  Marauder, Armory  
  68  7:11  Widow Mine x2  
  72  7:17  Neosteel Armor  
  72  7:20  Combat Shield  
  72  7:22  Stimpack  
  72  7:32  Widow Mine x2  
  76  7:54  Widow Mine  
  78  8:27  Terran Infantry Armor Level 1  
  78  8:52  Command Center  
  78  8:57  Hi-Sec Auto Tracking  
  78  9:00  Supply Depot  
  78  9:02  Concussive Shells  
  78  9:15  Starport  
  78  9:21  Reaper x2, Widow Mine x2  
  78  9:22  Supply Depot  
  84  9:43  Widow Mine  
  84  9:44  Supply Depot, Widow Mine  
  88  9:45  Supply Depot  
  88  9:53  Reaper x2, Starport  
  90  10:04  Widow Mine, Command Center  
  92  10:07  Supply Depot  
  92  10:08  Supply Depot  
  92  10:19  Medivac  
  92  10:25  Reaper x2  
  94  10:30  Supply Depot  
  94  10:31  Supply Depot  
  79  10:53  Supply Depot  
  79  10:58  Reaper x2  
  80  11:09  Supply Depot  
  80  11:15  Supply Depot  
  80  11:17  Refinery  
  80  11:30  Reaper x2  
  80  11:31  Supply Depot  
  82  11:38  Supply Depot  
  71  12:03  Bunker  
Tags
 
Matchup
TvZ
Opening
Pool First
Replay Pack
re
Spawn Locations
Cross Positions
Add a new tag
Caveats
  • Supply blocks, unpowered buildings, or Contaminate may cause inaccurate times.
  • Supply counts are checked every 10 seconds.